 Dungeon Crawl Stone Soup version 0.31-a0-1-g4198be8af4 (webtiles) character file.

Game seed: 6502890628150545787

199366 2FriedEggs the Lord of Darkness (level 17, -16/131 HPs)
             Began as a Mummy Necromancer on Feb 22, 2023.
             Was the Champion of Kikubaaqudgha.
             Killed from afar by a spark wasp (21 damage)
             ... with a living lightning
             ... on level 3 of the Spider Nest on May 2, 2023.
             The game lasted 03:12:36 (36313 turns).

2FriedEggs the Lord of Darkness (MuNe)             Turns: 36313, Time: 03:12:40

Health: -16/131    AC: 15    Str: 12      XL:     17   Next: 84%
Magic:  18/32      EV: 11    Int: 23      God:    Kikubaaqudgha [******]
Gold:   1812       SH:  5    Dex: 13 (14) Spells: 3/39 levels left

rFire   + . .        q - staff of death
rCold   + + .        Q - +0 buckler
rNeg    + + +        y - +0 steam dragon scales
rPois   ∞            V - +2 helmet {Int+3}
rElec   .            o - scarf {rC+ rF+}
rCorr   .            O - +0 pair of gloves
SInv    .            G - +0 pair of boots
Will    ++...        j - amulet of magic regeneration
Stlth   ++           X - ring of protection from fire
HPRegen 0.41/turn    U - +4 ring of protection
MPRegen 0.63/turn

%: faith
@: studying Ice Magic
A: cold resistance 1, negative energy resistance 3, torment resistance 2, heat
vulnerability 1, in touch with death 2, no potions, faith
}: 1/15 runes: decaying
a: Renounce Religion, Unearth Wretches, Torment


You were on level 3 of the Spider Nest.
You worshipped Kikubaaqudgha.
Kikubaaqudgha was exalted by your worship.
You visited 6 branches of the dungeon, and saw 30 of its levels.

You collected 2794 gold pieces.
You spent 982 gold pieces at shops.

Inventory:

Hand Weapons
 i - the +4 spear "Bilydait" {pain, Will++ Str-2 Int+3 Dex+5}
   (You found it on level 1 of the Spider Nest)

   Str:       It affects your strength (-2).
   Int:       It affects your intelligence (+3).
   Dex:       It affects your dexterity (+5).
   Will:      It greatly increases your willpower.
Missiles
 l - 3 throwing nets
 s - 18 curare-tipped darts
 u - 31 poisoned darts
 D - 6 javelins
Armour
 a - +0 acid dragon scales
 d - a scarf of invisibility
 f - a +2 ring mail of cold resistance
 o - a scarf of resistance (worn)
 y - +0 steam dragon scales (worn)
 G - a +0 pair of boots (worn)
 L - a +1 cloak
 M - a scarf of repulsion
 O - a +0 pair of gloves (worn)
 Q - a +0 buckler (worn)
 R - an orb of light
 V - a +2 helmet of intelligence (worn)
Magical Staves
 q - a staff of death (weapon)
Jewellery
 e - a ring of flight
 g - an amulet of regeneration
 h - a ring of magical power
 j - an amulet of magic regeneration (around neck)
 t - a ring of wizardry
 x - a +6 ring of intelligence
 T - the ring of Erra {rN+ Int+6 Slay-2 Stlth-}
   (You found it on level 4 of the Lair of Beasts)

   [ring of positive energy]

   Int:       It affects your intelligence (+6).
   Slay:      It affects your accuracy & damage with ranged weapons and melee
   (-2).
   rN:        It protects you from negative energy.
   Stlth:     It makes you less stealthy.
 U - a +4 ring of protection (right hand)
 X - a ring of protection from fire (left hand)
Wands
 m - a wand of light (7)
 B - a wand of iceblast (3)
 F - a wand of polymorph (14)
 H - a wand of flame (25)
 I - a wand of paralysis (12)
 K - a wand of digging (7)
Scrolls
 b - 5 scrolls of enchant weapon
 c - 5 scrolls of torment
 k - 8 scrolls of poison
 n - 5 scrolls of magic mapping
 p - 5 scrolls of fear
 r - 19 scrolls of identify
 v - 10 scrolls of teleportation
 w - 4 scrolls of summoning
 z - 2 scrolls of silence
 A - 3 scrolls of amnesia
 E - 5 scrolls of vulnerability
 J - 3 scrolls of immolation
 N - a scroll of fog
 P - a scroll of blinking
 W - 2 scrolls of brand weapon
Miscellaneous
 C - a condenser vane


   Skills:
 + Level 11.2 Fighting
 - Level 4.5 Armour
 - Level 1.5 Dodging
 - Level 1.5 Stealth
 - Level 6.0 Shields
 - Level 11.8 Spellcasting
 - Level 5.0 Hexes
 - Level 12.1 Summonings
 * Level 23.5 Necromancy
 - Level 2.9 Evocations


You had 3 spell levels left.
You knew the following spells:

 Your Spells              Type           Power      Damage    Failure   Level
a - Death Channel         Necr           80%        N/A       1%          6
b - Infestation           Necr           80%        N/A       2%          8
c - Anguish               Hex/Necr       66%        N/A       1%          4
d - Animate Dead          Necr           100%       N/A       0%          4
e - Dispel Undead         Necr           100%       3d31      0%          4
f - Vampiric Draining     Necr           100%       2d13      0%          3
g - Haunt                 Necr/Summ      72%        N/A       3%          7

Your spell library contained the following spells:

 Spells                   Type           Power      Damage    Failure   Level
 Necrotise                Necr           100%       1d9       0%          1
 Kiss of Death            Conj/Necr      100%       2d13      1%          1
 Summon Small Mammal      Summ           100%       N/A       1%          1
 Summon Guardian Golem    Hex/Summ       52%        N/A       1%          3
 Tukima's Dance           Hex            36%        N/A       2%          3
 Apportation              Tloc           26%        N/A       6%          1
 Dazzling Flash           Conj/Hex       50%        N/A       7%          3
 Inner Flame              Hex/Fire       25%        N/A       7%          3
 Portal Projectile        Hex/Tloc       50%        N/A       7%          3
 Lesser Beckoning         Tloc           26%        N/A       10%         2
 Gell's Gravitas          Tloc           13%        N/A       19%         3
 Ignite Poison            Fire/Tmut/Pois 13%        N/A       19%         3
 Teleport Other           Tloc           13%        N/A       19%         3
 Volatile Blastmotes      Fire/Tloc      26%        2d12      19%         3
 Agony                    Necr           100%       N/A       0%          5
 Borgnjor's Vile Clutch   Necr/Erth      61%        N/A       1%          5
 Cause Fear               Hex            18%        N/A       8%          4
 Simulacrum               Ice/Necr       61%        N/A       8%          6
 Flame Wave               Conj/Fire      13%        2d6       52%         4
 Iskenderun's Mystic Bla  Conj/Tloc      13%        2d5       52%         4
 Manifold Assault         Tloc           13%        N/A       52%         4
 Sticky Flame             Conj/Fire      13%        2d4       52%         4
 Yara's Violent Unravell  Hex/Tmut       12%        3d7       52%         5
 Freezing Cloud           Conj/Ice/Air   6%         6-21      86%         5
 Iskenderun's Battlesphe  Conj           13%        2d7       86%         5
 Spellforged Servitor     Conj/Summ      20%        N/A       99%         7
 Dispersal                Tloc           6%         N/A       100%        6
 Iron Shot                Conj/Erth      6%         9d2       100%        6
 Starburst                Conj/Fire      6%         6d4       100%        6
 Enfeeble                 Hex            18%        N/A       100%        7
 Orb of Destruction       Conj           6%         9d6       100%        7
 Disjunction              Tloc           6%         N/A       100%        8
 Blade Hands              Tmut           Unusable   N/A       N/A         5

Dungeon Overview and Level Annotations

Branches:
Dungeon (15/15)            Temple (1/1) D:5            Lair (5/5) D:11
  Swamp (4/4) Lair:3       Spider (3/4) Lair:2        Slime (0/5) Lair:4
    Orc (2/2) D:10            Elf (0/3) Orc:2        Vaults (0/5) D:14
 Depths (0/4) D:15

Altars:
Fedhas
Kikubaaqudgha
Makhleb
Qazlal
Vehumet
Xom
Yredelemnul

Shops:
D:6 =   Orc:2 :[*=?

Annotations:
D:9 Erolcha
Lair:2 exclusion: oklob plant


Innate Abilities, Weirdness & Mutations

You are immune to poison.
Your flesh is cold resistant. (rC+)
You are immune to negative energy. (rN+++)
You are immune to unholy pain and torment.
You are vulnerable to heat. (rF-)
You are strongly in touch with the powers of death.
You do not drink.
You have a special connection with the divine. (Faith)


Message History

Unknown command.
Unknown command.
There are monsters nearby!
Press: ? - help, v - describe, . - travel
Here: a spark wasp (heavily wounded, infested, ally target, anguished)
The floor.
You swap places.
You pick your way through the web.
The spark wasp stings your wraith but does no damage.
The spark wasp stings you!! The spark wasp shocks you!
* * * LOW HITPOINT WARNING * * *
The spark wasp is wracked by anguish!!
The spark wasp stings your wraith!!
Your wraith is destroyed!
Your wraith disappears in a puff of smoke!
The spark wasp stings you!
* * * LOW HITPOINT WARNING * * *
The spark wasp shocks you!
* * * LOW HITPOINT WARNING * * *
The spark wasp is wracked by anguish!!
The spark wasp dies!
Kikubaaqudgha accepts your kill.
A death scarab bursts from the spark wasp!
There is a web here.
Unknown command.
Unknown command.
Unknown command.
You swap places.
Your wraith passes through a web.
The spark wasp bursts into living lightning!
The living lightning hits your phantasmal warrior!
The living lightning hits your death scarab!!
The living lightning hits your wraith!! The living lightning misses you.
The spark wasp blinks!
You can't drink.
Blink to where?
Press: ? - help, Dir - move target
As you read the scroll of blinking, it crumbles to dust.
The spark wasp bursts into living lightning!
The living lightning hits you!!
You die...
Kikubaaqudgha rasps: "You have failed me!
Welcome... oblivion!"

###^..######W##By# .#
###....^.§W####B.# #^#
####.y....(.###. ####..#
##.†..........####....##
##.............^........#
##.......................#
##......#.....##..........#
#.....####......#####.....##
##.....# #.....@.##........#
#......#####......^..#....B.#
#........#####....^###.....##
#.........# ##...## ##....#
#.........# ###..## #....#
##^.....#####....# #....#
##...#####......## #...##
###...........#...## ##..#
#.^..^.....^###....# #..#


You could see a spark wasp and a friendly wraith (summoned).

Vanquished Creatures
  A ghost moth (Spider:2)
  A broodmother (Lair:2)
  A bunyip (Swamp:1)
  A shambling mangrove (Swamp:4)
  Fannar (D:12)
  A hydra (Lair:3)
  A centaur warrior (D:14)
  Erica (Lair:1)
  A two-headed ogre (D:15)
  An orc high priest (Orc:1)
  A skyshark (Lair:2)
  7 skeletal warriors
  A deep troll (D:15)
  2 swamp dragons
  4 manticores
  A wolf spider (Lair:2)
  An orc sorcerer (Orc:2)
  3 ugly things
  2 elephants (Lair:4)
  An unseen horror (D:13)
  Maggie (D:7)
  9 rime drakes
  4 cane toads
  An efreet (D:14)
  A kobold demonologist (D:9)
  2 komodo dragons
  A freezing wraith (D:15)
  2 polar bears
  2 tyrant leeches
  2 tarantellas
  A jumping spider (Spider:2)
  Sigmund (D:6)
  A slime creature (D:12)
  A water elemental (D:13)
  2 wyverns
  14 yaks
  5 steam dragons
  11 vampire mosquitoes
  4 redbacks
  3 swamp worms
  An acid dragon (D:11)
  7 water moccasins
  Duvessa (D:6)
  3 swamp drakes
  7 ice beasts
  6 orc warriors
  6 ogres
  9 wolves
  A boggart (D:14)
  8 centaurs
  3 phantoms
  3 kobold brigands
  3 bullfrogs
  3 scorpions
  3 wights
  Dowan (D:6)
  An electric eel (D:13)
  A howler monkey (D:10)
  2 gnoll boudas
  2 hounds (D:6)
  5 jellies
  12 orc priests
  15 orc wizards
  6 iguanas
  7 gnolls
  3 adders
  3 white imps
  3 worms
  A dart slug (D:4)
  36 orcs
  2 bats
  5 endoplasms
  2 giant cockroaches
  5 goblins
  2 hobgoblins
  15 kobolds
  4 ball pythons
  4 frilled lizards
  2 rats (D:2)
304 creatures vanquished.

Vanquished Creatures (collateral kills)
  Nikola (Spider:3)
  Gastronok (Lair:3)
  3 thorn hunters
  Donald (Spider:1)
  3 ghost moths (Spider:2)
  4 emperor scorpions
  Aizul (Spider:3)
  3 broodmothers
  2 eleionomae (Swamp:4)
  Azrael (Spider:1)
  A bunyip (Swamp:4)
  An ettin (D:15)
  Snorg (Orc:2)
  4 entropy weavers
  A shambling mangrove (Swamp:4)
  2 catoblepae (Lair:5)
  2 ghost crabs
  2 vault guards (D:14)
  9 hydras
  An ice dragon (Lair:4)
  3 ogre magi
  4 centaur warriors
  2 boulder beetles
  2 death yaks (Lair:5)
  9 two-headed ogres
  A tengu warrior (D:13)
  4 alligators
  An orc high priest (Orc:1)
  Urug (D:12)
  2 skysharks (Lair:5)
  2 sun moths (Spider:3)
  A goliath frog (Swamp:1)
  7 skeletal warriors
  2 spriggan druids
  5 orb spiders
  3 bog bodies
  7 swamp dragons
  A phantasmal warrior (D:15)
  4 steelbarb worms
  16 wolf spiders
  A necromancer (D:15)
  3 cyclopes
  2 manticores
  Maurice (Orc:2)
  2 moths of wrath
  A will-o-the-wisp (Swamp:1)
  7 elephants
  13 ugly things
  A black mamba (Lair:1)
  3 demonic crawlers
  14 cane toads
  2 torpor snails
  4 nameless horrors
  5 rime drakes
  4 komodo dragons
  2 freezing wraiths
  A tengu conjurer (D:13)
  3 meliai (Spider:2)
  2 trolls (Orc:2)
  5 hornets
  12 tarantellas
  13 blink frogs (Lair:5)
  7 tyrant leeches
  A dream sheep (shapeshifter) (D:14)
  12 jumping spiders
  2 slime creatures (D:12)
  2 water elementals
  10 culicivoras
  9 spriggans
  A hog (shapeshifter) (D:14)
  10 yaks
  4 wyverns
  Grum (D:9)
  2 fire elementals (Spider:1)
  2 basilisks
  5 steam dragons
  A wraith (D:15)
  53 redbacks
  6 vampire mosquitoes
  A warg (Orc:1)
  An acid dragon (Lair:3)
  2 hell hounds (Spider:1)
  10 swamp worms
  6 water moccasins
  3 swamp drakes (Swamp:4)
  6 orc warriors
  14 ogres
  A swamp dragon zombie (Swamp:4)
  4 wolves
  2 boggarts (D:14)
  4 centaurs
  A gnoll sergeant (D:11)
  A kobold brigand (D:9)
  A necrophage (D:6)
  9 bullfrogs
  A scorpion (D:6)
  6 wights
  4 electric eels
  5 jellies
  6 orc priests
  2 iguanas (Lair:3)
  5 orc wizards
  3 gnolls
  A shadow imp (D:8)
  3 white imps
  17 orcs
  A ball python (D:1)
  A hobgoblin (D:3)
  5 kobolds
  A briar patch (Swamp:3)
  3 bushes (D:14)
  2 butterflies (Lair:3)
482 creatures vanquished.

Vanquished Creatures (others)
  A ghost moth (Spider:2)
  2 broodmothers (Spider:1)
  A stone giant (D:14)
  5 spark wasps
  2 ettins (D:14)
  An entropy weaver (Spider:2)
  A rakshasa (D:13)
  6 vault guards (D:14)
  2 ogre magi
  A jorogumo (Spider:2)
  A centaur warrior (D:15)
  A death knight (D:15)
  4 hydras
  9 two-headed ogres
  2 boulder beetles
  3 death yaks
  A deep troll earth mage (D:14)
  A skyshark (Lair:2)
  Sonja (Orc:1)
  Lodul (D:12)
  A pharaoh ant (Spider:1)
  3 deep trolls
  2 orb spiders (Spider:3)
  2 lindwurms
  3 ugly thing zombies (D:15)
  5 ugly things
  2 cyclopes (Orc:2)
  A stone giant zombie (D:14)
  A manticore (D:12)
  2 deep elf pyromancers
  5 elephants (Lair:4)
  A wolf spider (Spider:2)
  A moth of wrath (Spider:2)
  A cane toad (Lair:5)
  A gargoyle (D:10)
  A komodo dragon (Lair:4)
  A kobold demonologist (D:12)
  A rime drake (Lair:5)
  A tengu conjurer (D:15)
  8 trolls
  A human zombie (D:14)
  3 hydra zombies
  A hornet (Swamp:1)
  2 tarantellas
  3 blink frogs (Lair:5)
  An alligator zombie (Swamp:1)
  An ettin zombie (D:14)
  A jumping spider (Lair:2)
  2 culicivoras
  7 yaks
  A shadow (D:12)
  7 redbacks
  A vampire mosquito (Swamp:3)
  3 cane toad zombies (Lair:5)
  A warg (Orc:1)
  9 two-headed ogre zombies
  A deep troll zombie (Orc:2)
  A swamp worm (Swamp:4)
  4 orc warriors
  2 swamp dragon zombies (Swamp:4)
  2 elephant zombies (Lair:4)
  2 blink frog zombies (Lair:5)
  13 ogres
  A dream sheep zombie (D:14)
  A hog zombie (D:14)
  A centaur (D:15)
  4 vampire mosquito zombies
  A rime drake zombie (Swamp:4)
  A kobold brigand (D:10)
  A hell hound zombie (Spider:1)
  A wyvern zombie (Lair:3)
  A cyclops zombie (Orc:2)
  2 water moccasin zombies
  A warg zombie (Orc:1)
  9 wights
  3 troll zombies (Orc:2)
  5 yak zombies
  A tengu zombie (D:15)
  2 howler monkeys (D:10)
  9 wolf zombies
  A bullfrog zombie (Lair:5)
  6 centaur zombies
  A scorpion zombie (D:7)
  18 ogre zombies
  A hound zombie (D:6)
  A steam dragon zombie (Lair:4)
  3 gnolls
  3 swamp drake zombies
  2 gnoll zombies
  A white imp (Lair:4)
  3 iguana zombies
  3 jelly zombies
  14 orc zombies
  4 orcs
  A kobold (D:10)
  3 kobold zombies (D:9)
  5 briar patches (Swamp:4)
  4 foxfires (Swamp:1)
  36 fungi
  93 plants
405 creatures vanquished.

Grand Total: 1191 creatures vanquished

Notes
Turn   | Place    | Note
-------+----------+-------------------------------------------
     0 | D:1      | 2FriedEggs the Mummy Necromancer began the quest for the
                  | Orb.
     0 | D:1      | Reached XP level 1. HP: 13/13 MP: 4/4
   587 | D:1      | Reached XP level 2. HP: 17/19 MP: 3/6
  1859 | D:2      | Gained mutation: You are in touch with the powers of death.
                  | [Mummy growth]
  1859 | D:2      | Reached XP level 3. HP: 24/24 MP: 7/7
  1863 | D:2      | Learned a level 3 spell: Vampiric Draining
  2569 | D:3      | Reached skill level 5 in Necromancy
  2569 | D:3      | Reached XP level 4. HP: 15/30 MP: 9/9
  3359 | D:3      | Found a faded altar of an unknown god.
  3391 | D:3      | Found a stormy altar of Qazlal.
  3477 | D:4      | Noticed an ogre
  3511 | D:4      | Reached XP level 5. HP: 35/35 MP: 11/11
  4342 | D:5      | Entered Level 5 of the Dungeon
  4342 | D:5      | Found a large runed translucent door.
  4344 | D:5      | Found a large runed translucent door.
  4489 | D:5      | Reached skill level 6 in Necromancy
  4633 | D:5      | Reached XP level 6. HP: 41/41 MP: 13/13
  4677 | D:5      | Reached skill level 5 in Spellcasting
  4740 | D:5      | Found a staircase to the Ecumenical Temple.
  4761 | Temple   | Entered the Ecumenical Temple
  4785 | Temple   | Became a worshipper of Kikubaaqudgha
  5398 | D:5      | Found a shimmering altar of Xom.
  5413 | D:5      | Learned a level 4 spell: Animate Dead
  5492 | D:6      | Reached skill level 7 in Necromancy
  5591 | D:6      | Noticed a water moccasin
  5598 | D:6      | Killed a water moccasin
  5599 | D:6      | Reached XP level 7. HP: 46/46 MP: 14/15
  5706 | D:6      | Noticed Sigmund
  5954 | D:6      | Reached * piety under Kikubaaqudgha
  5954 | D:6      | Received a gift from Kikubaaqudgha
  6113 | D:6      | Reached skill level 8 in Necromancy
  6291 | D:6      | Reached XP level 8. HP: 52/52 MP: 18/18
  6320 | D:6      | Found Guvohih's Jewellery Boutique.
  6407 | D:6      | Reached skill level 9 in Necromancy
  6631 | D:6      | Killed Sigmund
  6943 | D:4      | Reached skill level 10 in Necromancy
  7491 | D:7      | Noticed Duvessa
  7491 | D:7      | Noticed Dowan
  7558 | D:7      | Noticed Maggie
  7566 | D:7      | HP: 2/52 [Maggie/bolt of fire (21)]
  7567 | D:7      | Killed Maggie
  7831 | D:6      | Killed Duvessa
  7832 | D:6      | Reached XP level 9. HP: 49/57 MP: 20/20
  7834 | D:6      | Killed Dowan
  7835 | D:6      | Reached skill level 11 in Necromancy
  7977 | D:7      | Reached ** piety under Kikubaaqudgha
  9118 | D:8      | Reached skill level 12 in Necromancy
  9417 | D:8      | Learned a level 4 spell: Anguish
  9507 | D:8      | Found a burning altar of Makhleb.
  9514 | D:8      | Noticed an angel
  9515 | D:8      | Noticed a green death
  9703 | D:8      | Reached skill level 1 in Hexes
 10310 | D:9      | Noticed Grum
 10316 | D:9      | Killed Grum
 10317 | D:9      | Reached XP level 10. HP: 21/63 MP: 21/23
 10481 | D:9      | Noticed a rust devil
 10540 | D:9      | Reached *** piety under Kikubaaqudgha
 10540 | D:9      | Received a gift from Kikubaaqudgha
 10541 | D:9      | Reached skill level 5 in Hexes
 10546 | D:9      | Learned a level 4 spell: Dispel Undead
 10553 | D:9      | Learned a level 6 spell: Death Channel
 10554 | D:9      | Noticed Erolcha
 10571 | D:9      | Your ally Grum died
 10891 | D:9      | Reached skill level 13 in Necromancy
 11282 | D:10     | Entered Level 10 of the Dungeon
 11282 | D:10     | Found a staircase to the Orcish Mines.
 11326 | D:10     | Reached skill level 14 in Necromancy
 11643 | D:10     | Reached **** piety under Kikubaaqudgha
 11657 | D:10     | Reached skill level 1 in Evocations
 11691 | D:10     | Found a blossoming altar of Fedhas.
 11700 | D:10     | Found a radiant altar of Vehumet.
 12157 | D:10     | Noticed a gargoyle
 12165 | D:10     | Killed a gargoyle
 12549 | D:11     | Reached XP level 11. HP: 50/68 MP: 24/24
 13129 | D:11     | Reached skill level 1 in Fighting
 13315 | D:11     | Reached skill level 1 in Armour
 13335 | D:11     | Reached ***** piety under Kikubaaqudgha
 13340 | D:11     | Found a staircase to the Lair.
 13403 | D:11     | You fall into a shaft and drop 3 floors!
 13422 | D:14     | Noticed a centaur warrior
 13435 | D:14     | Killed a centaur warrior
 13542 | D:13     | Noticed a tengu warrior
 13543 | D:13     | Noticed a centaur warrior
 13552 | D:12     | Reached skill level 5 in Fighting
 13592 | D:12     | Noticed a deep elf pyromancer
 14044 | D:11     | Noticed a boulder beetle
 14072 | D:11     | Killed a boulder beetle
 14399 | D:12     | Noticed Lodul
 14410 | D:12     | Killed Lodul
 14457 | D:12     | Noticed a green ugly thing
 14463 | D:12     | Killed a green ugly thing
 14522 | D:12     | Killed a deep elf pyromancer
 14523 | D:12     | Reached skill level 15 in Necromancy
 14547 | D:12     | Noticed Urug
 14554 | D:12     | Killed Urug
 14555 | D:12     | Reached XP level 12. HP: 83/88 MP: 25/25
 15159 | D:12     | Noticed Fannar
 15164 | D:12     | Your ally Lodul died
 15248 | D:12     | Killed Fannar
 15335 | D:12     | Noticed a two-headed ogre
 15344 | D:12     | Killed a two-headed ogre
 15345 | D:12     | Reached skill level 16 in Necromancy
 16007 | Lair:1   | Entered Level 1 of the Lair of Beasts
 16016 | Lair:1   | Noticed Erica
 16024 | Lair:1   | Killed Erica
 16050 | Lair:1   | Identified the +4 hand axe of Devotion {flame, rPois rF-
                  | Dex+5}
 16434 | Lair:1   | Reached skill level 17 in Necromancy
 17599 | Lair:2   | Found a hole to the Spider Nest.
 18190 | Lair:2   | Reached skill level 18 in Necromancy
 18471 | Lair:3   | Found a staircase to the Swamp.
 18508 | Lair:3   | Gained mutation: You are strongly in touch with the powers
                  | of death. [Mummy growth]
 18508 | Lair:3   | Reached XP level 13. HP: 59/93 MP: 26/26
 18715 | Lair:3   | Noticed Gastronok
 18726 | Lair:3   | Killed Gastronok
 18961 | Lair:3   | Reached ****** piety under Kikubaaqudgha
 18975 | Lair:3   | Reached skill level 19 in Necromancy
 19530 | Lair:4   | Received a gift from Kikubaaqudgha
 19553 | Lair:4   | Learned a level 7 spell: Haunt
 19605 | Lair:4   | Found a staircase to the Slime Pits.
 19626 | Lair:4   | Reached skill level 1 in Summonings
 20246 | Lair:4   | Identified the ring of Erra {rN+ Int+6 Slay-2 Stlth-}
 20720 | Lair:5   | Entered Level 5 of the Lair of Beasts
 20926 | Lair:5   | Reached skill level 20 in Necromancy
 20983 | Lair:5   | Reached XP level 14. HP: 71/100 MP: 19/27
 21034 | Lair:5   | Reached skill level 5 in Summonings
 21877 | Lair:5   | Identified the +1 arbalest of Generosity {drain, +Blink
                  | Will+ Str+2}
 23482 | D:13     | Reached skill level 1 in Shields
 25019 | D:14     | Found a gate to the Vaults.
 25036 | D:14     | Reached skill level 5 in Shields
 25036 | D:14     | Reached XP level 15. HP: 105/105 MP: 6/28
 25805 | D:15     | Entered Level 15 of the Dungeon
 26030 | D:15     | Upgraded the game from 0.30-a0-800-g7c544603b3 to
                  | 0.30-a0-802-gb92711bcdf
 26212 | D:15     | Reached skill level 10 in Summonings
 26511 | D:15     | Found a staircase to the Depths.
 27248 | Orc:1    | Entered Level 1 of the Orcish Mines
 27260 | Orc:1    | Noticed Sonja
 27272 | Orc:1    | Killed Sonja
 27758 | Orc:2    | Entered Level 2 of the Orcish Mines
 27758 | Orc:2    | Found Git Yssuc's Magic Scroll Boutique.
 27793 | Orc:2    | Noticed Maurice
 27798 | Orc:2    | Paralysed by Maurice for 2 turns
 27803 | Orc:2    | Killed Maurice
 27804 | Orc:2    | Paralysed by an orc sorcerer for 3 turns
 27879 | Orc:2    | Found Zeim's Book Boutique.
 27899 | Orc:2    | Reached XP level 16. HP: 29/111 MP: 5/29
 27912 | Orc:2    | Reached skill level 10 in Spellcasting
 27932 | Orc:2    | Reached skill level 21 in Necromancy
 27949 | Orc:2    | Found Ynorruym's General Store.
 27949 | Orc:2    | Found Kisud's Armour Boutique.
 27959 | Orc:2    | Bought a +1 helmet of intelligence for 214 gold pieces
 27973 | Orc:2    | Found Nal Qaxe's Jewellery Shop.
 27979 | Orc:2    | Bought 2 scrolls of poison for 120 gold pieces
 28243 | Orc:2    | Found a staircase to the Elven Halls.
 28420 | Orc:2    | Bought 3 scrolls of teleportation for 108 gold pieces
 28420 | Orc:2    | Bought 3 scrolls of torment for 342 gold pieces
 28420 | Orc:2    | Bought a scroll of vulnerability for 48 gold pieces
 28420 | Orc:2    | Bought a scroll of teleportation for 36 gold pieces
 28420 | Orc:2    | Bought a scroll of torment for 114 gold pieces
 28462 | Orc:2    | Noticed Snorg
 28468 | Orc:2    | Killed Snorg
 28574 | Orc:2    | Learned a level 8 spell: Infestation
 28883 | Swamp:1  | Entered Level 1 of the Swamp
 29213 | Swamp:1  | Upgraded the game from 0.30-a0-802-gb92711bcdf to
                  | 0.30-a0-859-gf88a04b62d
 29213 | Swamp:1  | Upgraded the game from 0.30-a0-859-gf88a04b62d to
                  | 0.30-a0-1018-g25214051b3
 29745 | Swamp:1  | Upgraded the game from 0.30-a0-1018-g25214051b3 to
                  | 0.30-a0-1123-gabc949cf19
 31277 | Swamp:3  | Noticed a thorn hunter
 31286 | Swamp:3  | Killed a thorn hunter
 31897 | Swamp:4  | Entered Level 4 of the Swamp
 31967 | Swamp:4  | Noticed a thorn hunter
 31974 | Swamp:4  | Killed a thorn hunter
 32334 | Swamp:4  | Upgraded the game from 0.30-a0-1123-gabc949cf19 to
                  | 0.31-a0-1-g4198be8af4
 32414 | Swamp:4  | Got a decaying rune of Zot
 32532 | Swamp:4  | Noticed a thorn hunter
 32536 | Swamp:4  | Killed a thorn hunter
 32868 | Spider:1 | Entered Level 1 of the Spider Nest
 33109 | Lair:2   | HP: 1/120 [broodmother (30)]
 33397 | Spider:1 | Reached skill level 22 in Necromancy
 33399 | Spider:1 | Reached XP level 17. HP: 65/125 MP: 3/32
 33456 | Spider:1 | Noticed Donald
 33461 | Spider:1 | Killed Donald
 33542 | Spider:1 | Noticed Azrael
 33554 | Spider:1 | Killed Azrael
 33660 | Spider:1 | Identified the +4 spear "Bilydait" {pain, Will++ Str-2
                  | Int+3 Dex+5}
 33985 | Spider:2 | Reached skill level 10 in Fighting
 34324 | Spider:2 | Reached skill level 23 in Necromancy
 34328 | Spider:2 | You fall into a shaft and drop 1 floor!
 34407 | Spider:3 | Noticed Aizul
 34414 | Spider:3 | Killed Aizul
 34415 | Spider:3 | Noticed Nikola
 34429 | Spider:3 | Killed Nikola
 36311 | Spider:3 | HP: 4/131 [spark wasp (15)]
 36313 | Spider:3 | Killed from afar by a spark wasp

Illustrated notes

Levels and vault maps discovered:
D:1:      onia_arrival_pyramid, layout_basic, hangedman_decor_peaks_small
D:2:      minmay_chambers_of_ones, layout_loops_corners
D:3:      layout_basic, mainiacjoe_overflow_alcove_4, serial_corexii_hall,
          corexii_hall_statues_i, corexii_hall_statues_x,
          hellmonk_ecumenical_altar_arch_garden, kennysheep_generic_room_11
D:4:      layout_loops_ring
D:5:      due_chaos_kobolds, layout_basic, minmay_temple_entry_mist
D:6:      layout_basic, serial_shops, shop, uniq_sigmund
D:7:      layout_basic, uniq_duvessa, uniq_maggie
D:8:      layout_rooms, grunt_temple_overflow_order_and_chaos_2,
          nicolae_concentric_dashed_squares_wild
D:9:      layout_roguey, kennysheep_generic_room_10, uniq_erolcha, uniq_grum
D:10:     layout_roguey, mainiacjoe_overflow_swirl,
          minmay_orc_entry_temple_small
D:11:     layout_rooms, hellmonk_lair_entry_icy, hex_large,
          kennysheep_another_room
D:12:     layout_stronghold, uniq_urug, uniq_fannar, uniq_lodul
D:13:     layout_basic, gauntlet_entry_generic
D:14:     layout_layer_cave, erik_vaults_2, serial_park_square3
          [serial_park_minivault_5x5_7]
D:15:     hangedman_depths_entry_civil_slaughter, layout_loops_ring, minivault_4
Temple:   minmay_crystal_spiral_temple
Lair:1:   layout_small_grid, columned_hall_lemuel, uniq_erica
Lair:2:   layout_regular_city, spider_nest_entry_webs
Lair:3:   layout_cave_shapes, minmay_swamp_entry_reptiles,
          bobbens_dragon_lair_wall, lemuel_fruit_fields,
          infiniplex_staircase_pool_2, serial_bayou_shore_a, uniq_gastronok
Lair:4:   layout_cave_pods, nicolae_slime_entry_field_trip,
          bobbens_ice_dragon_lair, grunt_megastairs_2, infiniplex_staircase_pool
Lair:5:   minmay_lair_end_frog_pond, layout_cave_pods
Swamp:1:  layout_falls_marsh, serial_swamp_ruin, evilmike_swamp_ruin_house_5,
          evilmike_swamp_ruin_rubble_2
Swamp:2:  layout_basic_swamp, evilmike_swamp_ruin_rubble_1
Swamp:3:  layout_falls_marsh, hangedman_swamp_ruin_wall
Swamp:4:  swamp_alternative, layout_basic_swamp
Spider:1: layout_spider_delve, drop_trap, nicolae_spider_nooks_and_crannies,
          uniq_azrael, uniq_donald
Spider:2: layout_spider_delve
Spider:3: layout_cave_pods, dreamdust_wasp_nest, uniq_nikola, uniq_aizul
Orc:1:    layout_caves, uniq_sonja
Orc:2:    st_orc_open, layout_caves, serial_shops, shop, uniq_snorg,
          uniq_maurice

Skill      XL: |  1  2  3  4  5  6  7  8  9 10 11 12 13 14 15 16 17 |
---------------+----------------------------------------------------+-----
Spellcasting   | 3 4 5 6 7 9 11 | 11.8
Necromancy     | 5 6 7 8 10 12 14 15 18 20 22 23 | 23.5
Hexes          | 4 5 |  5.0
Evocations     | 2 |  2.9
Fighting       | 6 9 11 | 11.2
Armour         | 4 |  4.5
Summonings     | 4 8 12 | 12.1
Shields        | 5 6 |  6.0
Dodging        | |  1.5
Stealth        | |  1.5

Action                     |  1- 3 |  4- 6 |  7- 9 | 10-12 | 13-15 | 16-18 || total
---------------------------+-------+-------+-------+-------+-------+-------++-------
  Melee: Dagger            |    17 |       |       |       |       |       ||    17
         Punch             |     1 |       |     2 |     2 |     2 |       ||     7
         Staff             |       |       |    97 |   163 |   120 |    99 ||   479
         Rapier            |       |       |    38 |       |       |       ||    38
   Fire: Sling             |    13 |    14 |    30 |       |       |       ||    57
  Throw: Dart              |       |       |     1 |       |     1 |       ||     2
   Cast: Necrotise         |    77 |    95 |   134 |    86 |     7 |       ||   399
         Vampiric Draining |       |     4 |    43 |   114 |    66 |    10 ||   237
         Animate Dead      |       |       |     9 |    14 |    12 |    11 ||    46
         Anguish           |       |       |     8 |    39 |    64 |    24 ||   135
         Death Channel     |       |       |       |    16 |    26 |    18 ||    60
         Dispel Undead     |       |       |       |     4 |    13 |     7 ||    24
         Haunt             |       |       |       |       |    48 |    80 ||   128
         Infestation       |       |       |       |       |       |    43 ||    43
 Invoke: Receive Forbidden |       |       |       |       |     1 |       ||     1
         Unearth Wretches  |       |       |       |       |     1 |     4 ||     5
  Evoke: Wand              |       |       |       |     4 |       |       ||     4
         Condenser vane    |       |       |       |     1 |       |     1 ||     2
    Use: Scroll            |       |     6 |     5 |     9 |     1 |     6 ||    27
   Stab: Distracted        |       |       |     1 |       |     1 |     2 ||     4
 Armour: Robe              |     5 |     2 |       |       |       |       ||     7
         Ring mail         |       |    11 |   111 |   243 |    55 |       ||   420
         Steam dragon scal |       |       |       |       |   100 |   128 ||   228
  Dodge: Dodged            |    16 |    14 |   145 |   269 |   193 |   125 ||   762
  Block: Buckler           |       |       |       |       |    42 |    63 ||   105

Table legend: (Time is in decaauts)
 A = Elapsed time spent in this place.
 B = Non-inter-level travel time spent in this place.
 C = Inter-level travel time spent in this place.
 D = Time resting spent in this place.
 E = Time spent auto-exploring this place.
 F = Levels seen in this place.
 G = Mean time per level.
                   A        B        C        D        E       F      G
               +--------+--------+--------+--------+--------+-----+--------+
         Total |  36789 |  34498 |   2291 |   7627 |  18379 |  30 | 1226.3 |
       Dungeon |  20733 |  19028 |   1705 |   4376 |  10078 |  15 | 1382.2 |
        Temple |     31 |     25 |      6 |      0 |     15 |   1 |   31.0 |
          Lair |   7596 |   7274 |    322 |   1615 |   4144 |   5 | 1519.2 |
         Swamp |   4028 |   3845 |    183 |    795 |   2337 |   4 | 1007.0 |
   Spider Nest |   2947 |   2916 |     31 |    713 |   1030 |   3 |  982.3 |
  Orcish Mines |   1451 |   1409 |     42 |    128 |    774 |   2 |  725.5 |
               +--------+--------+--------+--------+--------+-----+--------+

Top non-repeatable levels by time:
    D:14: 2107 daAuts
  Lair:5: 1803 daAuts
  Lair:2: 1794 daAuts
     D:6: 1757 daAuts
    D:12: 1687 daAuts
  Lair:4: 1655 daAuts
    D:10: 1643 daAuts
     D:2: 1534 daAuts
    D:11: 1485 daAuts
     D:4: 1477 daAuts
    D:15: 1382 daAuts
 Swamp:1: 1351 daAuts
Spider:3: 1345 daAuts
  Lair:1: 1300 daAuts
     D:3: 1239 daAuts
